 Dungeon Crawl Stone Soup version 0.28-a0-1594-ga885d4b3d6 (webtiles) character file.

Game seed: 4356117804919025451

35 HallandMoats the Skirmisher (level 3, -1/43 HPs)
             Began as a Demonspawn Fighter on Jan 21, 2022.
             Slain by an orc (7 damage)
             ... on level 4 of the Dungeon.
             The game lasted 00:01:28 (1376 turns).

HallandMoats the Skirmisher (Demonspawn Fighter)    Turns: 1376, Time: 00:01:29

Health: -1/43      AC: 21    Str: 18    XL:     3   Next: 17%
Magic:  3/3        EV:  2    Int:  9    God:
Gold:   32         SH:  4    Dex: 12    Spells: 2/2 levels left

rFire   . . .      SeeInvis .   b - +0 hunting sling
rCold   . . .      Faith    .   c - +0 buckler
rNeg    . . .      Spirit   .   (armour currently unavailable)
rPois   +          Reflect  .   (helmet currently unavailable)
rElec   .          Harm     .   (cloak currently unavailable)
rCorr   .          Rampage  .   (gloves currently unavailable)
Will    .....      NoTele   +   (boots currently unavailable)
Stlth   +.........              (no amulet)
HPRegen 0.14/turn               (no ring)
MPRegen 0.08/turn               (no ring)

@: tree-form
A: stationary, stasis, torment immunity, boosted hp, (hooves 1), (sharp scales
1)
a: no special abilities


You were on level 4 of the Dungeon.
You were a tree.
You visited 1 branch of the dungeon, and saw 3 of its levels.

You collected 32 gold pieces.

Inventory:

Hand Weapons
 a - a +0 war axe
 b - a +0 hunting sling (weapon)
Missiles
 k - 49 stones (quivered ammo)
Armour
 c - a +0 buckler (worn)
 j - a +0 scale mail (melded)
Jewellery
 h - a ring of resist corrosion
Scrolls
 e - 2 scrolls of identify {unknown}
 f - a scroll of fear {unknown}
 l - a scroll of brand weapon {unknown}
Potions
 d - a potion of might


   Skills:
 + Level 3.2 Fighting
 * Level 2.4 Axes
 * Level 0.0 Slings
 + Level 2.9 Armour
 + Level 0.5 Dodging
 + Level 2.8 Shields
 + Level 1.0 Invocations


You had 2 spell levels left.
You didn't know any spells.
Your spell library was empty.

Dungeon Overview and Level Annotations

Branches:
Dungeon (2/15)

Altars:

Shops:
D:1 (   D:2 :


Innate Abilities, Weirdness & Mutations

You are a tree.
Your roots penetrate the ground, keeping you stationary.
You cannot be teleported.
You are immune to unholy pain and torment.
Your maximum health is greatly increased.
Your equipment is partially melded.
((You have large cloven feet.))
((You are partially covered in razor-sharp scales. (AC +1, Slay +1)))


Message History

The stone closely misses the orc wizard.
The stone barely misses the orc.
An orc comes into view. It is wielding a +0 trident.
You shoot a stone. The orc shouts!
The stone hits the orc.
The orc is lightly wounded.
The orc wizard hits you but does no damage.
You shoot a stone.
The stone completely misses the orc wizard.
The orc priest invokes the aid of Beogh against you.
Pain shoots through your body!
The orc wizard hits you but does no damage.
The orc hits you with a +3 hand axe.
You are too injured to fight recklessly!
You are too injured to fight recklessly!
Unknown command.
As you read the scroll labelled ANILIOFAATZ, it crumbles to dust.
Your body is wracked with pain!
* * * LOW HITPOINT WARNING * * *
Something is bathed in an unholy light!
The orc convulses!
The orc priest convulses!
The orc wizard convulses!
The orc convulses!
It was a scroll of torment.
The orc priest closely misses you. You block something's attack.
The orc wizard hits you with a +0 dagger.
* * * LOW HITPOINT WARNING * * *
The orc hits you with a +3 hand axe.
* * * LOW HITPOINT WARNING * * *
Unknown command.
Unknown command.
It was a potion of lignification.
You turn into a tree.
Your +0 scale mail melds into your body.
Your roots penetrate the ground.
The orc priest hits you but does no damage.
Something hits you.
* * * LOW HITPOINT WARNING * * *
The orc wizard casts a spell at you.
The puff of flame hits you but does no damage.
The orc hits you with a +3 hand axe!
You die...

#......##
##.......#
.........#######
##.........#...##
................##
...............>.#
...((.o..........#
(..(.({♣.........#
.....(oo........##
...(.o.#...#...##
(......#########
(.....# ......
.[.... ......


You could see an orc priest, an orc wizard and 2 orcs.

Vanquished Creatures
  A worm (D:2)
  4 endoplasms (D:1)
  A giant cockroach (D:4)
  2 hobgoblins (D:1)
  6 jackals (D:1)
  A quokka (D:1)
  4 ball pythons (D:1)
  4 bats (D:1)
  A frilled lizard (D:1)
  2 goblins (D:1)
  A kobold (D:1)
  A rat (D:1)
28 creatures vanquished.

Notes
Turn   | Place    | Note
-------+----------+-------------------------------------------
     0 | D:1      | HallandMoats the Demonspawn Fighter began the quest for the
                  | Orb.
     0 | D:1      | Reached XP level 1. HP: 18/18 MP: 1/1
   177 | D:1      | Gained mutation: You are partially covered in razor-sharp
                  | scales. (AC +1, Slay +1) [demonic ancestry]
   177 | D:1      | Reached XP level 2. HP: 22/24 MP: 2/2
   488 | D:1      | Found Wuithry's Antique Weapon Boutique.
   676 | D:1      | Reached skill level 1 in Invocations
   818 | D:1      | Gained mutation: You have large cloven feet. [demonic
                  | ancestry]
   818 | D:1      | Reached XP level 3. HP: 24/29 MP: 3/3
  1345 | D:2      | Found Agulecky's Book Shoppe.
  1353 | D:2      | You fall into a shaft and drop 2 floors!
  1376 | D:4      | Slain by an orc

Illustrated notes

Levels and vault maps discovered:
D:1:      minmay_arrival_four_loops, layout_basic, serial_shops,
          nicolae_lakefront_shop, hangedman_abyss_or_decor_stabs,
          skrybe_limestone_x
D:2:      layout_basic, serial_shops, shop
D:4:      layout_rooms, minmay_temple_entry_sparse_star, uniq_natasha,
          uniq_edmund

Skill      XL: |  1  2 |
---------------+-------+-----
Axes           | 2 |  2.4
Invocations    | 1 |  1.0
Fighting       | |  3.2
Armour         | |  2.9
Dodging        | |  0.5
Shields        | |  2.8

Action                   || total
-------------------------++-------
Melee: War axe           ||    57
       Kick              ||     1
 Fire: Hunting sling     ||    13
  Use: Scroll            ||     1
       Potion            ||     1
Armor: Scale mail        ||    38
       Skin              ||     2
Dodge: Dodged            ||    27
Block: Buckler           ||    12

Table legend: (Time is in decaauts)
 A = Elapsed time spent in this place.
 B = Non-inter-level travel time spent in this place.
 C = Inter-level travel time spent in this place.
 D = Time resting spent in this place.
 E = Time spent auto-exploring this place.
 F = Levels seen in this place.
 G = Mean time per level.
                   A        B        C        D        E       F      G
               +--------+--------+--------+--------+--------+-----+--------+
         Total |   1404 |   1351 |     53 |      0 |   1164 |   3 |  468.0 |
       Dungeon |   1404 |   1351 |     53 |      0 |   1164 |   3 |  468.0 |
               +--------+--------+--------+--------+--------+-----+--------+

Top non-repeatable levels by time:
     D:1: 1289 daAuts
     D:2: 88 daAuts
     D:4: 26 daAuts
